 Dungeon Crawl Stone Soup version 0.31-a0-662-g684573625c (webtiles) character file.

Game seed: 173783836224913020

364 AdnanSaban the Covered (level 6, -1/39 HPs)
             Began as a Gargoyle Fighter on Sept 1, 2023.
             Was an Initiate of Okawaru.
             Slain by Pargi (2 damage)
             ... on level 3 of the Dungeon.
             The game lasted 00:04:19 (3669 turns).

AdnanSaban the Covered (Gargoyle Fighter)           Turns: 3669, Time: 00:04:20

Health: -1/39      AC: 14    Str: 21    XL:     6   Next: 67%
Magic:  6/6        EV:  8    Int:  9    God:    Okawaru [......]
Gold:   497        SH:  4    Dex:  9    Spells: 5/5 levels left

rFire   . . .        a - +0 flail
rCold   . . .        c - +0 buckler
rNeg    + . .        s - +0 chain mail
rPois   ∞            (no helmet)
rElec   +            (no cloak)
rCorr   .            (no gloves)
SInv    .            (no boots)
Will    .....        (no amulet) Stlth
                     (no ring)
HPRegen 0.26/turn    (no ring)
MPRegen 0.10/turn

%: no passive effects
@: slowed, very slow
A: sickness immunity, AC +4, negative energy resistance 1, electricity
resistance, torment resistance 1, petrification resistance
a: Renounce Religion


You were on level 3 of the Dungeon.
You worshipped Okawaru.
Okawaru was noncommittal.
You visited 2 branches of the dungeon, and saw 5 of its levels.

You collected 497 gold pieces.

Inventory:

Hand Weapons
 a - a +0 flail (weapon)
Missiles
 g - 3 javelins (quivered)
Armour
 c - a +0 buckler (worn)
 s - a +0 chain mail (worn)
Scrolls
 e - 3 scrolls of teleportation {unknown}
 j - 2 scrolls of torment {unknown}
 k - 2 scrolls of revelation {unknown}
 l - a scroll of brand weapon {unknown}
 n - 2 scrolls of poison {unknown}
 o - 3 scrolls of enchant weapon {unknown}
 p - a scroll of enchant armour {unknown}
 q - 2 scrolls of identify {unknown}
Potions
 b - a potion of enlightenment {unknown}
 d - 2 potions of might
 h - 2 potions of heal wounds {unknown}
 i - 5 potions of curing {unknown}
 m - 2 potions of mutation {unknown}
 r - a potion of invisibility {unknown}
 t - a potion of berserk rage {unknown}


   Skills:
 + Level 4.3 Fighting
 + Level 4.3 Maces & Flails
 + Level 4.6 Armour
 + Level 1.6 Dodging
 + Level 0.7 Stealth
 + Level 4.0 Shields


You had 5 spell levels left.
You didn't know any spells.
Your spell library contained the following spells:

 Spells                   Type           Power      Damage    Failure   Level
 Ensorcelled Hibernation  Hex/Ice        0%         N/A       99%         2
 Passwall                 Tmut/Erth      0%         N/A       99%         2
 Ozocubu's Armour         Ice            0%         N/A       100%        3
 Swiftness                Air            0%         N/A       100%        3
 Ozocubu's Refrigeration  Ice            0%         4d7       100%        7


Dungeon Overview and Level Annotations

Branches:
Dungeon (4/15)             Temple (1/1) D:4

Altars:
Ashenzari
Cheibriados
Elyvilon
Fedhas
Gozag
Hepliaklqana
Kikubaaqudgha
Nemelex Xobeh
Okawaru
Sif Muna
Trog
Uskayaw
Vehumet
Wu Jian
Xom
Yredelemnul
The Shining One

Shops:
D:4 *

Annotations:
D:3 Natasha, Pargi


Innate Abilities, Weirdness & Mutations

You are immune to sickness and miasma.
Your stone body is resilient. (AC +4)
You are immune to poison.
You resist negative energy. (rN+)
You are resistant to electric shocks. (rElec)
You are resistant to unholy torment.
You are immune to petrification.


Message History

Natasha claws you but does no damage.
Pargi hisses, "I bite!"
Pargi bites you. Pargi closely misses you. Pargi claws you but does no damage.
You block Natasha's attack.
You sock Pargi!
Pargi is severely wounded.
You block Pargi's attack. Pargi claws you but does no damage. x2
Natasha claws you but does no damage. Pargi bites you but does no damage.
Pargi claws you but does no damage. x2
Unknown command.
You hit Pargi.
Pargi is severely wounded.
Natasha barely misses you. Pargi bites you.
* * * LOW HITPOINT WARNING * * *
Pargi claws you but does no damage. You block Pargi's attack.
Natasha stares at you and mumbles some strange words.
You resist with some effort. Pargi bites you but does no damage.
Pargi closely misses you. Pargi claws you but does no damage.
You closely miss Pargi.
Pargi is severely wounded.
Natasha claws you but does no damage. Pargi bites you but does no damage.
You block Pargi's attack. Pargi barely misses you. Natasha claws you.
* * * LOW HITPOINT WARNING * * *
Unknown command.
You barely miss Pargi.
Pargi is severely wounded.
Pargi closely misses you. Pargi claws you but does no damage. x2
Natasha claws you but does no damage. Pargi barely misses you.
You block Pargi's attack. Pargi claws you.
* * * LOW HITPOINT WARNING * * *
You closely miss Pargi.
Pargi is heavily wounded.
Natasha stares at you and mumbles some strange words.
You feel as though you will be slow longer.
Pargi bites you but does no damage. Pargi claws you.
* * * LOW HITPOINT WARNING * * *
You block Pargi's attack. Natasha claws you.
* * * LOW HITPOINT WARNING * * *
Pargi bites you.
You die...

######### ######## ######.......#
#....... .......###.###
###T.h..<. ########...#
##5...5.... .# #.### #.5#.......
.## ##.##############..########
..#####..#..>..h@T....((.##......
#.##........................#####
#.#..##.#>########.##.##.........
....###.#.#...........###########
...## #.#.#....###.#### †#.#
#.#.#........# ...##
#.#.#.....###### #...#
#.#.#..........####### #.#.#
#...#.....#..........### ##


You could see Pargi and Natasha.

Vanquished Creatures
  A scorpion (D:4)
  A hound (D:4)
  A sleepcap (D:4)
  An iguana (D:4)
  Natasha (twice) (D:3)
  A gnoll (D:4)
  9 adders
  2 worms
  2 orcs (D:4)
  6 ball pythons
  13 endoplasms
  3 giant cockroaches
  10 goblins
  6 hobgoblins
  6 kobolds
  4 quokkas
  2 bats
  2 frilled lizards
  7 rats
79 creatures vanquished.

Notes
Turn   | Place    | Note
-------+----------+-------------------------------------------
     0 | D:1      | AdnanSaban the Gargoyle Fighter began the quest for the
                  | Orb.
     0 | D:1      | Reached XP level 1. HP: 14/14 MP: 1/1
   359 | D:1      | Reached XP level 2. HP: 19/19 MP: 2/2
  1027 | D:2      | Reached XP level 3. HP: 24/24 MP: 3/3
  1201 | D:2      | Reached XP level 4. HP: 23/29 MP: 4/4
  1516 | D:3      | Reached skill level 1 in Dodging
  1708 | D:3      | Noticed Natasha
  1715 | D:3      | Killed Natasha
  1716 | D:3      | Reached XP level 5. HP: 14/33 MP: 5/5
  1721 | D:3      | Noticed Natasha
  1733 | D:3      | Noticed Pargi
  1902 | D:4      | Found a hazy altar of Hepliaklqana.
  2013 | D:4      | Found a staircase to the Ecumenical Temple.
  2034 | Temple   | Entered the Ecumenical Temple
  2106 | Temple   | Became a worshipper of Warmaster Okawaru
  2792 | D:4      | Reached XP level 6. HP: 19/38 MP: 6/6
  3233 | D:4      | Found Qahuworery's Neck Hole.
  3646 | D:3      | Killed Natasha
  3651 | D:3      | Noticed Natasha
  3669 | D:3      | HP: 1/39 [Natasha (4)]
  3669 | D:3      | Slain by Pargi

Illustrated notes

Levels and vault maps discovered:
D:1:      ncdulo_wetmaze, layout_loops_corners, nrook_campfire,
          chequers_serial_rivers_small_a, minmay_misc_feat_rugged
D:2:      layout_rooms, minmay_hexomino_f4
D:3:      layout_rooms, uniq_pargi, uniq_natasha
D:4:      minmay_polygon_palace, layout_gridville,
          nicolae_overflow_hidden_temple, minmay_temple_entry_stoned_glass,
          nicolae_shop_sticking_my_neck_out
Temple:   minmay_temple_bridge_d

Skill      XL: |  1  2  3  4  5  6 |
---------------+-------------------+-----
Dodging        | 1 |  1.6
Armour         | 4 |  4.6
Maces & Flails | 3 4 |  4.3
Fighting       | 4 |  4.3
Shields        | 4 |  4.0
Stealth        | |  0.7

Action                     |  1- 3 |  4- 6 || total
---------------------------+-------+-------++-------
  Melee: Flail             |   105 |   255 ||   360
  Throw: Dart              |       |     3 ||     3
         Javelin           |       |     2 ||     2
 Armour: Scale mail        |    82 |   194 ||   276
         Chain mail        |       |    71 ||    71
  Dodge: Dodged            |    68 |   144 ||   212
  Block: Buckler           |    25 |    79 ||   104

Table legend: (Time is in decaauts)
 A = Elapsed time spent in this place.
 B = Non-inter-level travel time spent in this place.
 C = Inter-level travel time spent in this place.
 D = Time resting spent in this place.
 E = Time spent auto-exploring this place.
 F = Levels seen in this place.
 G = Mean time per level.
                   A        B        C        D        E       F      G
               +--------+--------+--------+--------+--------+-----+--------+
         Total |   3782 |   3357 |    425 |     80 |   2482 |   5 |  756.4 |
       Dungeon |   3637 |   3354 |    283 |     80 |   2482 |   4 |  909.2 |
        Temple |    144 |      2 |    142 |      0 |      0 |   1 |  144.0 |
               +--------+--------+--------+--------+--------+-----+--------+

Top non-repeatable levels by time:
     D:4: 1463 daAuts
     D:1: 973 daAuts
     D:2: 617 daAuts
     D:3: 582 daAuts
  Temple: 144 daAuts
